 Dungeon Crawl Stone Soup version 0.31-a0-188-g5e087ee2ca (webtiles) character file.

Game seed: 9408381225121221971

43 qw the Shooter (level 3, -3/20 HPs)
             Began as a Deep Elf Hunter on June 23, 2023.
             Slain by a gnoll
             ... wielding a +0 club
              (4 damage)
             ... on level 2 of the Dungeon.
             The game lasted 00:00:23 (1395 turns).

qw the Shooter (Deep Elf Hunter)                    Turns: 1395, Time: 00:00:24

Health: -3/20      AC:  7    Str: 10    XL:     3   Next: 37%
Magic:  5/5        EV:  9    Int: 13    God:
Gold:   82         SH:  0    Dex: 18    Spells: 2/2 levels left

rFire   . . .        Y - +0 shortbow
rCold   . . .        (shield currently unavailable)
rNeg    . . .        b - +0 scale mail
rPois   .            (no helmet)
rElec   .            (no cloak)
rCorr   .            (no gloves)
SInv    .            f - +0 pair of boots
Will    .....        (no amulet)
Stlth   +            (no ring)
HPRegen 0.23/turn    (no ring)
MPRegen 0.09/turn

%: no passive effects
@: no status effects
A: no striking features
a: no special abilities


You were on level 2 of the Dungeon.
You visited 1 branch of the dungeon, and saw 2 of its levels.

You collected 82 gold pieces.


   Skills:
 - Level 1.5 Fighting
 + Level 6.9 Ranged Weapons
 - Level 2.4 Dodging
 - Level 1.2 Stealth


You had 2 spell levels left.
You didn't know any spells.
Your spell library was empty.

Inventory:

Hand Weapons
 Y - a +0 shortbow (weapon)
Armour
 a - a scarf of resistance
 b - a +0 scale mail (worn)
 f - a +0 pair of boots (worn)
Scrolls
 c - a scroll of summoning {unknown}
Potions
 d - a potion of brilliance {unknown}

Dungeon Overview and Level Annotations

Branches:
Dungeon (2/15)

Altars:


Message History

Enter note: You shoot an arrow.
The arrow hits the gnoll.
The gnoll is moderately wounded.
A gnoll comes into view. It is wielding a +0 club.
You shoot an arrow. The gnoll shouts!
The arrow hits the gnoll.
The gnoll is heavily wounded.
A gnoll comes into view. It is wielding a +0 spear.
You shoot an arrow. The arrow barely misses the gnoll.
The gnoll throws a throwing net.
The throwing net hits you.
You become entangled in the net!
You struggle against the net.
You struggle against the net.
You struggle against the net.
The gnoll barely misses you.
A gnoll comes into view. It is wielding a +0 spear.
You rip the net and break free!
The gnoll shouts!
The gnoll hits you from afar with a +0 halberd.
You shoot an arrow. The arrow completely misses the gnoll.
The arrow hits the gnoll!
You kill the gnoll!
The gnoll hits you with a +0 club.
The gnoll hits you but does no damage. x2
The gnoll closely misses you.
You shoot an arrow. The arrow closely misses the gnoll.
The gnoll hits you but does no damage. The gnoll hits you with a +0 club.
You shoot an arrow. The arrow hits the gnoll.
The gnoll is moderately wounded.
The gnoll closely misses you. The gnoll hits you but does no damage.
The gnoll barely misses you. The gnoll closely misses you.
The gnoll hits you but does no damage.
You shoot an arrow. The arrow barely misses the gnoll.
The gnoll barely misses you.
The gnoll hits you but does no damage. x2
You shoot an arrow. The arrow hits the gnoll.
The gnoll is severely wounded.
The gnoll hits you but does no damage.
The gnoll hits you from afar with a +0 spear!
The gnoll hits you with a +0 club.
You die...

.#...#...#.#
.##..#.....#
.###....#### .#
####.# +# .# #.#
###.### ## #.#
#..... #.# #.#.##
#.# ###g.g.##
###.### #..@.g..#
#.....# #.#........
#.....####.#.#.#.###
#..........#.......
#
#..^..######.#.....#
.# #.....#
#.##(#[##..# #######
#...###...#
#.##(#.## #.#.....#


You could see 3 gnolls.

Vanquished Creatures
  A gnoll (D:2)
  A dart slug (D:1)
  6 bats
  4 endoplasms
  3 giant cockroaches (D:1)
  A quokka (D:1)
  5 frilled lizards
  2 goblins
  5 kobolds
  4 rats
32 creatures vanquished.

Notes
Turn   | Place    | Note
-------+----------+-------------------------------------------
     0 | D:1      | qw the Deep Elf Hunter began the quest for the Orb.
     0 | D:1      | Reached XP level 1. HP: 12/12 MP: 3/3
     0 | D:1      | 0 ||| qw: Version: 0.3-a-9-g12657ce
     0 | D:1      | 0 ||| qw: Game counter: 3101
     0 | D:1      | 0 ||| qw: Always use a shield: true
     0 | D:1      | 0 ||| qw: God list: Okawaru
     0 | D:1      | 0 ||| qw: Allow faded altars: false
     0 | D:1      | 0 ||| qw: Do Orc after D:15 true
     0 | D:1      | 0 ||| qw: Do second Lair branch before Depths: true
     0 | D:1      | 0 ||| qw: Lair rune preference: random
     0 | D:1      | 0 ||| qw: Plans: Normal
     0 | D:1      | 0 ||| PLANNING D:1-11
     1 | D:1      | Noticed an electric eel
     6 | D:1      | 6 ||| DROPPING scroll of butterflies.
   152 | D:1      | Reached skill level 6 in Ranged Weapons
   152 | D:1      | Reached XP level 2. HP: 16/16 MP: 4/4
   616 | D:1      | Found a faded altar of an unknown god.
   845 | D:1      | 845 ||| UPGRADING to +0 scale mail.
   855 | D:1      | 855 ||| DROPPING +0 leather armour.
   856 | D:1      | 856 ||| UPGRADING to +0 pair of boots.
   861 | D:1      | 861 ||| READING scroll labelled QOVADGHO ZUEB.
   862 | D:1      | 862 ||| DRINKING 2 fuming clear potions.
   891 | D:1      | 891 ||| DROPPING potion of lignification.
  1287 | D:2      | Reached XP level 3. HP: 20/20 MP: 5/5
  1395 | D:2      | HP: 1/20 [gnoll/+0 spear (8)]
  1395 | D:2      | Slain by a gnoll

Levels and vault maps discovered:
D:1:      arrival_aquarium_a, layout_loops_corners,
          chequers_ecumenical_altar_simple
D:2:      layout_loops_corners, minmay_tall_x

Skill      XL: |  1 |
---------------+----+-----
Ranged Weapons | 6 |  6.9
Fighting       | |  1.5
Dodging        | |  2.4
Stealth        | |  1.2

Action                     || total
---------------------------++-------
   Fire: Shortbow          ||    73
    Use: Scroll            ||     1
         Potion            ||     1
 Armour: Leather armour    ||     4
         Scale mail        ||     8
  Dodge: Dodged            ||    19

Table legend:
 A = Non-vault XP
 B = Vault XP
 C = Vault XP percentage of total XP
 D = Non-vault monster count
 E = Vault monster count
 F = Vault count percentage of total count
                 A         B        C        D         E       F
            +---------+---------+-------+---------+---------+-------
      Total |      56 |       6 |   9.7 |      28 |       4 |  12.5
            +---------+---------+-------+---------+---------+-------
        D:1 |      31 |       0 |   0.0 |      20 |       0 |   0.0
        D:2 |      25 |       6 |  19.4 |       8 |       4 |  33.3
            +---------+---------+-------+---------+---------+-------
